[Event "Team 45 45 League T47"]
[Site "Internet Chess Club"]
[Date "2010.11.10"]
[Round "1"]
[White "hcarstens"]
[Black "Skylab"]
[Result "1-0"]
[WhiteElo "1296"]
[BlackElo "1278"]
[Opening "Caro-Kann: Hillbilly attack"]
[ECO "B10"]
[Time "20:00:18"]
[TimeControl "2700+45"]

1. e4 c6 2. Bc4 d5 3. exd5 cxd5 4. Bb3 Nf6 5. d4 Nc6 6. Nf3 Bd7 7. O-O e6 8. Bg5
Be7 9. c4 O-O 10. Bxf6 Bxf6 11. Qd3 Be7 12. Bc2 f5 13. Nbd2 Rc8 14. cxd5 exd5
15. Bb3 Be8 16. Rfe1 Bg6 17. Rac1 Kh8 18. Qb5 Bf7 19. Qxb7 Rc7 20. Qa6 Qc8 21.
Qd3 Nb4 22. Rxc7 Qxc7 23. Qxf5 Bg6 24. Qe6 Re8 25. Bxd5 Nxd5 26. Qxd5 Qc8 27. h3
Bf6 28. Rxe8+ Bxe8 29. Ne4 Bc6 30. Qc4 h6 31. Nxf6 gxf6 32. d5 Bb7 33. Qxc8+
Bxc8 34. Nd4 Kg7 35. Ne6+ Bxe6 36. dxe6 Kf8 37. b4 Ke7 38. Kf1 Kxe6 39. Ke2 Kd5
40. Kd3 f5 41. a4 a6 42. g4 fxg4 43. hxg4 Kc6 44. f4 Kd6 45. g5 h5 46. g6 Ke6
47. b5 axb5 48. axb5 h4 49. Ke3 Kf6 50. b6 Kxg6 51. b7 {Black resigns} 1-0

[Event "Team 45 45 League T47"]
[Site "Internet Chess Club"]
[Date "2010.11.08"]
[Round "1"]
[White "Deadly-Spike"]
[Black "tryanything"]
[Result "0-1"]
[WhiteElo "1551"]
[BlackElo "1593"]
[Opening "Scandinavian: Marshall variation"]
[ECO "B01"]
[Time "18:02:52"]
[TimeControl "2700+45"]

1. e4 d5 2. exd5 Nf6 3. d4 Nxd5 4. c4 Nf6 5. Nc3 g6 6. Nf3 Bg7 7. Bd3 O-O 8. Bd2
Bg4 9. h3 Bxf3 10. Qxf3 Nc6 11. d5 Ne5 12. Qe2 Nxd3+ 13. Qxd3 c6 14. Rb1 cxd5
15. Nxd5 Nxd5 16. cxd5 Qd6 17. Qe4 Rfe8 18. Bb4 Qa6 19. a3 Rad8 20. b3 Qb5 21.
Rd1 a5 22. Bd2 Rxd5 23. Qc4 Qd7 24. Qc2 Rc8 25. Qa2 Bc3 {White resigns} 0-1

[Event "Team 45 45 League T47"]
[Site "Internet Chess Club"]
[Date "2010.11.06"]
[Round "1"]
[White "smsxman"]
[Black "j316chuck"]
[Result "0-1"]
[WhiteElo "1407"]
[BlackElo "1625"]
[Opening "Sicilian defense"]
[ECO "B30"]
[Time "13:21:59"]
[TimeControl "2700+45"]

1. e4 c5 2. Nf3 Nc6 3. Nc3 g6 4. Bc4 Bg7 5. Ng5 e6 6. d3 Nge7 7. Nb5 d5 8. Bb3
a6 9. Nc3 b5 10. a3 O-O 11. O-O c4 12. dxc4 bxc4 13. exd5 exd5 14. Ba4 d4 15.
Ne2 d3 16. cxd3 Qxd3 17. Qxd3 cxd3 18. Nf4 Rd8 19. Rd1 Bf5 20. Bb3 Ne5 21. Bd2
h6 22. Ngh3 Rab8 23. Bb4 N5c6 24. Bxe7 Nxe7 25. Bc4 Bxb2 26. Ra2 d2 27. Bxa6 Bc2
28. Be2 Bxd1 29. Bxd1 Rdc8 30. Ne2 Rc1 {White resigns} 0-1

[Event "Team 45 45 League T47"]
[Site "Internet Chess Club"]
[Date "2010.11.08"]
[Round "1"]
[White "kid6988"]
[Black "ars-felidae"]
[Result "0-1"]
[WhiteElo "1519"]
[BlackElo "1437"]
[Opening "Sicilian defense"]
[ECO "B44"]
[Time "01:07:21"]
[TimeControl "2700+45"]

1. e4 c5 2. Nf3 Nc6 3. d4 cxd4 4. Nxd4 e6 5. Be3 Nf6 6. Nc3 Bb4 7. Bd3 d5 8. f3
O-O 9. O-O Bc5 10. Nxc6 Bxe3+ 11. Kh1 bxc6 12. Qe2 Bb6 13. Ba6 Bxa6 14. Qxa6 Qc7
15. Rad1 Rfd8 16. exd5 cxd5 17. Rd2 d4 18. Nb5 Qc4 19. Rfd1 Nd5 20. Nxd4 Qxa6
{White resigns} 0-1

[Event "Team 45 45 League T47"]
[Site "Internet Chess Club"]
[Date "2010.11.07"]
[Round "1"]
[White "DrOMM"]
[Black "kingsleywang"]
[Result "1/2-1/2"]
[WhiteElo "1335"]
[BlackElo "1290"]
[Opening "Vienna gambit"]
[ECO "C29"]
[Time "16:18:30"]
[TimeControl "2700+45"]

1. e4 e5 2. Nc3 Nf6 3. f4 Nc6 4. Nf3 d5 5. fxe5 dxe4 6. exf6 exf3 7. Qxf3 Qxf6
8. Qxf6 gxf6 9. Nd5 Kd8 10. Nxf6 Bf5 11. c3 Kc8 12. d4 Be7 13. Nd5 Re8 14. Nxe7+
Rxe7+ 15. Kf2 Kd7 16. Bf4 Rae8 17. Bb5 a6 18. Bxc6+ Kxc6 19. Rae1 Be4 20. Rhg1
Bd3 21. Rxe7 Rxe7 22. Re1 Rxe1 23. Kxe1 Bb1 24. a3 Kb6 25. Kd2 c6 26. Kc1 Bf5
27. g3 Kb5 28. Kd1 Ka4 29. Ke2 Kb3 30. Bd6 Kxb2 31. Bb4 b6 32. c4 Kc2 33. Ke3
Kb3 34. c5 bxc5 35. dxc5 Ka4 36. Kd4 a5 37. Bc3 Kxa3 38. Bxa5 Ka4 39. Bd8 Kb4
40. Be7 Bg6 41. g4 f5 42. gxf5 Bxf5 43. Ke5 Bg6 {Game drawn by mutual agreement}
1/2-1/2

[Event "Team 45 45 League T47"]
[Site "Internet Chess Club"]
[Date "2010.11.09"]
[Round "1"]
[White "BotanicalKnight"]
[Black "OOB1"]
[Result "0-1"]
[WhiteElo "1589"]
[BlackElo "1577"]
[Opening "Sicilian: closed"]
[ECO "B24"]
[Time "22:05:45"]
[TimeControl "2700+45"]

1. e4 c5 2. Nc3 Nc6 3. g3 Nf6 4. d3 d5 5. Bg2 dxe4 6. Nxe4 Nxe4 7. Bxe4 e6 8. f4
Be7 9. Bg2 e5 10. Bxc6+ bxc6 11. fxe5 Qd5 12. Nf3 Bh3 13. Kf2 O-O 14. Re1 Rad8
15. Qe2 Bf5 16. Bg5 f6 17. exf6 Bxf6 18. Bxf6 Rxf6 19. Kg2 Bg4 20. Rf1 Rdf8
{White resigns} 0-1

[Event "Team 45 45 League T47"]
[Site "Internet Chess Club"]
[Date "2010.11.03"]
[Round "1"]
[White "BaumDeezy"]
[Black "JohLeb"]
[Result "1-0"]
[WhiteElo "1379"]
[BlackElo "1318"]
[Opening "English: symmetrical variation"]
[ECO "A30"]
[Time "19:00:25"]
[TimeControl "2700+45"]

1. c4 c5 2. Nf3 Nc6 3. g3 g6 4. Bg2 Bg7 5. O-O e6 6. Nc3 Nge7 7. Qc2 O-O 8. b3
Rb8 9. a3 b6 10. Bb2 d5 11. Nb5 Bxb2 12. Qxb2 d4 13. a4 e5 14. d3 Be6 15. Ng5
Bd7 16. Qd2 a6 17. Na3 Nf5 18. Ne4 Be6 19. Nc2 Qd7 20. Nf6+ {Black resigns} 1-0

[Event "Team 45 45 League T47"]
[Site "Internet Chess Club"]
[Date "2010.11.06"]
[Round "1"]
[White "Burbia"]
[Black "Visin"]
[Result "0-1"]
[WhiteElo "1369"]
[BlackElo "1303"]
[Opening "Ruy Lopez: exchange variation, 5.O-O"]
[ECO "C68"]
[Time "12:00:24"]
[TimeControl "2700+45"]

1. e4 e5 2. Nf3 Nc6 3. Bb5 a6 4. Bxc6 dxc6 5. O-O Bd6 6. d4 exd4 7. Qxd4 f6 8.
Nbd2 c5 9. Qd3 Ne7 10. Nc4 Nc6 11. Nxd6+ cxd6 12. Bf4 Ne5 13. Nxe5 dxe5 14.
Qxd8+ Kxd8 15. Rad1+ Ke7 16. Be3 b6 17. Rd2 Rd8 18. Rxd8 Kxd8 19. Rd1+ Kc7 20.
a3 Bb7 21. f3 Rd8 22. Rxd8 Kxd8 23. c3 Kd7 24. b4 Kc6 25. a4 cxb4 26. cxb4 Bc8
27. g4 g6 28. h4 f5 29. Kf2 fxe4 30. f4 exf4 31. Bxf4 Bxg4 32. Ke3 Kd5 33. a5
bxa5 34. bxa5 Bf5 35. Bg5 Kc5 36. Bf4 Kb5 37. Bc7 h6 38. Kf4 Kc4 39. Bb6 Kd3 40.
h5 Be6 41. hxg6 h5 42. Kg5 e3 43. Bxe3 Kxe3 44. Kxh5 Kd4 45. Kg5 Kc5 46. Kf6 Bb3
47. Ke5 Kb5 48. Kd4 Kxa5 49. Kc5 Ka4 50. Kb6 a5 51. Kc5 Ka3 52. Kb5 a4 53. g7
Bg8 54. Kc6 Kb2 55. Kd7 a3 56. Ke7 a2 57. Kf8 Bb3 58. g8=Q Bxg8 59. Kxg8 a1=Q
60. Kf7 Qa6 {White resigns} 0-1

[Event "Team 45 45 League T47"]
[Site "Internet Chess Club"]
[Date "2010.11.07"]
[Round "1"]
[White "katabatico"]
[Black "Aquaman"]
[Result "0-1"]
[WhiteElo "1314"]
[BlackElo "1318"]
[Opening "Robatsch (modern) defense"]
[ECO "B06"]
[Time "15:00:49"]
[TimeControl "2700+45"]

1. e4 g6 2. d4 Bg7 3. Nf3 d6 4. Be2 Nd7 5. O-O Ngf6 6. Nc3 O-O 7. Re1 e5 8. Bg5
c6 9. Rb1 h6 10. Bc1 Re8 11. a4 Qc7 12. b3 exd4 13. Nxd4 Nxe4 14. Nxe4 Rxe4 15.
c3 d5 16. Bd3 Rxe1+ 17. Qxe1 Nf6 18. Nf3 Bd7 19. Qe5 Qxe5 20. Nxe5 Be6 21. f4
Ng4 22. Nxg4 Bxg4 23. Bb2 Re8 24. h3 Bd7 25. Kh2 Re3 26. Rd1 b6 27. Bc1 Re8 28.
c4 d4 29. b4 c5 30. Ba3 Bf8 31. a5 cxb4 32. Bb2 Bc5 33. axb6 Bxb6 34. Rc1 Bc5
35. Rf1 a5 36. f5 gxf5 37. Rxf5 Bxf5 {White resigns} 0-1

[Event "Team 45 45 League T47"]
[Site "Internet Chess Club"]
[Date "2010.11.04"]
[Round "1"]
[White "SCUGrad"]
[Black "rahulr"]
[Result "0-1"]
[WhiteElo "1478"]
[BlackElo "1520"]
[Opening "Pirc defense"]
[ECO "B07"]
[Time "20:00:19"]
[TimeControl "2700+45"]

1. e4 d6 2. d4 Nf6 3. Bd3 Nc6 4. Nf3 g6 5. O-O Bg7 6. Bf4 Bg4 7. h3 Bxf3 8. Qxf3
Nxd4 9. Qe3 Nh5 10. Bh6 e5 11. c3 Bxh6 12. Qxh6 Ne6 13. Nd2 Qf6 14. Bb5+ c6 15.
Bc4 Ng5 16. h4 Ne6 17. Nf3 Nc5 18. Rfe1 b5 19. Bf1 Nf4 20. Rad1 O-O-O 21. g3
Nfe6 22. Qe3 Kb8 23. Kg2 h6 24. g4 Nf4+ 25. Kh2 h5 26. g5 Qe6 27. Ng1 Rhf8 28.
b3 f5 29. f3 fxe4 30. fxe4 Rf7 31. Nh3 Rdf8 32. Nxf4 Rxf4 33. Qh3 Rf2+ 34. Bg2
Qxh3+ 35. Kxh3 Rxa2 36. Rxd6 Rff2 37. Rg1 Nxb3 38. Rxg6 Nc5 39. Rxc6 Nd3 40. g6
Nf4+ 41. Kg3 Rxg2+ 42. Rxg2 Rxg2+ 43. Kf3 Rxg6 44. Rc5 Re6 45. Rxb5+ Kc7 46.
Rc5+ Kb6 47. Rc8 a5 48. c4 Nd3 49. Rb8+ Kc7 50. Rb5 Ra6 51. Ke3 Nf4 52. Rxe5 a4
53. Kxf4 a3 54. Rd5 a2 55. Rd1 a1=Q 56. Rxa1 Rxa1 57. Kg5 Ra5+ 58. Kg6 Kd6 59.
Kh6 Re5 60. Kg6 Kc5 61. Kh6 Kxc4 {White resigns} 0-1

[Event "Team 45 45 League T47"]
[Site "Internet Chess Club"]
[Date "2010.11.09"]
[Round "1"]
[White "houseofcook"]
[Black "AlPearson"]
[Result "1-0"]
[WhiteElo "1445"]
[BlackElo "1394"]
[Opening "Alekhine's defense: exchange variation"]
[ECO "B03"]
[Time "13:12:15"]
[TimeControl "2700+45"]

1. e4 Nf6 2. e5 Nd5 3. d4 d6 4. c4 Nb6 5. exd6 cxd6 6. Nc3 Nc6 7. Be3 Bf5 8. Bd3
Bxd3 9. Qxd3 g6 10. Rc1 Bg7 11. b3 O-O 12. Nf3 Qd7 13. O-O Rac8 14. Qd2 Na8 15.
d5 Ne5 16. Nxe5 Bxe5 17. Bxa7 Nc7 18. Bd4 Rfd8 19. Rfe1 Bxd4 20. Qxd4 e6 21. Qe3
exd5 22. Nxd5 Nxd5 23. cxd5 Rxc1 24. Qxc1 Rc8 25. Qd2 Qf5 26. g3 Rc2 27. Re8+
Kg7 28. Qd4+ Kh6 29. Qh4+ Kg7 30. Qd4+ Qf6 31. Rg8+ Kxg8 32. Qxf6 Rxa2 33. Qd8+
Kg7 34. Qxd6 Rb2 35. Qe5+ Kf8 36. Qxb2 {Black resigns} 1-0

[Event "Team 45 45 League T47"]
[Site "Internet Chess Club"]
[Date "2010.11.08"]
[Round "1"]
[White "TheronUAL"]
[Black "blizzard13"]
[Result "1-0"]
[WhiteElo "1544"]
[BlackElo "1391"]
[Opening "French: advance, Euwe variation"]
[ECO "C02"]
[Time "14:00:35"]
[TimeControl "2700+45"]

1. e4 e6 2. d4 d5 3. e5 c5 4. Nf3 Nc6 5. c3 Bd7 6. Be3 c4 7. Be2 Nge7 8. Bg5 h6
9. Be3 Nf5 10. O-O Be7 11. Na3 a6 12. Nc2 b5 13. a3 Na5 14. Nd2 Nxe3 15. fxe3
Bg5 16. Rf3 g6 17. Qf1 Qe7 18. g3 h5 19. h4 Bh6 20. Qf2 Rh7 21. Rf1 Kf8 22. Bd1
Be8 23. Nb4 g5 24. Rf6 gxh4 25. gxh4 Bg7 26. Rf3 Kg8 27. Rg3 Rh6 28. Rg5 Rg6 29.
Nf3 Bh6 30. Rxg6+ fxg6 31. Ng5 Bxg5 32. hxg5 Qxg5+ 33. Kh1 Qe7 34. Qg3 Kh7 35.
Rf6 Qg7 36. Rxe6 Bd7 37. Rf6 Rf8 38. Nxd5 Rxf6 39. Nxf6+ Kh8 40. Nxd7 Qxd7 41.
Qxg6 Qh3+ 42. Kg1 Qxe3+ 43. Kf1 Qf4+ 44. Ke2 Qh2+ 45. Ke3 Qh3+ 46. Bf3 h4 47. e6
Qh2 48. Qf6+ Kg8 49. Qf7+ Kh8 50. Qf8+ Kh7 51. Be4# {Black checkmated} 1-0

[Event "Team 45 45 League T47"]
[Site "Internet Chess Club"]
[Date "2010.11.06"]
[Round "1"]
[White "Fogbound"]
[Black "AtomicDog"]
[Result "1-0"]
[WhiteElo "1323"]
[BlackElo "1569"]
[Opening "Queen's pawn: London system"]
[ECO "A45"]
[Time "13:25:08"]
[TimeControl "2700+45"]

1. d4 Nf6 2. Bf4 e6 3. e3 Bb4+ 4. c3 Be7 5. Bd3 c5 6. Nf3 cxd4 7. exd4 O-O 8.
Nbd2 b6 9. O-O Ba6 10. c4 d5 11. b3 Nc6 12. a3 Rc8 13. Re1 Bb7 14. Ne5 Nxd4 15.
Re3 Nh5 16. Bxh7+ Kxh7 17. Qxh5+ Kg8 18. Rh3 {Black resigns} 1-0

[Event "Team 45 45 League T47"]
[Site "Internet Chess Club"]
[Date "2010.11.07"]
[Round "1"]
[White "BrianWood"]
[Black "The-Capitalist"]
[Result "1-0"]
[WhiteElo "1357"]
[BlackElo "1437"]
[Opening "Caro-Kann: Panov-Botvinnik, normal variation"]
[ECO "B14"]
[Time "21:00:15"]
[TimeControl "2700+45"]

1. e4 c6 2. d4 d5 3. exd5 cxd5 4. c4 Nf6 5. Nc3 e6 6. Bg5 Nc6 7. Nf3 Be7 8. Bd3
dxc4 9. Bxc4 O-O 10. O-O b6 11. Bd3 Nxd4 12. Nxd4 h6 13. Nc6 Qc7 14. Nxe7+ Qxe7
15. Bxf6 Qxf6 16. Be4 Rb8 17. Qd6 Bb7 18. Bxb7 Rxb7 19. Qc6 Qe7 20. Rfe1 Rc7 21.
Nd5 Qd7 22. Qxc7 Qxc7 23. Nxc7 a5 24. Nxe6 fxe6 25. Rxe6 b5 26. Re5 Rb8 27. a4
bxa4 28. Rxa4 Rxb2 29. g3 Rb1+ 30. Kg2 g5 31. Raxa5 Rb8 32. h4 gxh4 33. gxh4 Kf7
34. Ra6 Rb7 35. Rxh6 Kg7 36. Ra6 Kf7 37. h5 {Black resigns} 1-0

[Event "Team 45 45 League T47"]
[Site "Internet Chess Club"]
[Date "2010.11.06"]
[Round "1"]
[White "bowwrestler"]
[Black "dabodhi"]
[Result "1-0"]
[WhiteElo "1234"]
[BlackElo "1140"]
[Opening "Scandinavian defense"]
[ECO "B01"]
[Time "15:00:21"]
[TimeControl "2700+45"]

1. e4 d5 2. exd5 Nf6 3. Nc3 Bg4 4. Nf3 Nxd5 5. d4 e6 6. Bc4 Be7 7. h3 Bf5 8. Ne5
Nb4 9. Bb3 O-O 10. Bf4 N8c6 11. a3 Nd5 12. Nxd5 exd5 13. O-O Na5 14. c4 Nxb3 15.
Qxb3 dxc4 16. Qxc4 Rc8 17. Rad1 Bg5 18. d5 Bxf4 19. Qxf4 Bc2 20. Rc1 Ba4 21.
Qxa4 Qxd5 22. Qxa7 Qxe5 23. Qxb7 Qf4 24. b4 Rb8 25. Qxc7 Qxc7 26. Rxc7 h5 27.
Ra1 h4 28. Rc4 g5 29. a4 Rfd8 30. g3 Rd2 31. gxh4 gxh4 32. Rxh4 Re8 33. b5 Ree2
34. Rf4 Rd3 35. a5 Rxh3 36. b6 Rb2 37. a6 Rc3 38. a7 Rxb6 39. a8=Q+ Kg7 40. Qg2+
Rg6 41. Rg4 Rxg4 42. Qxg4+ Kf8 43. Qb4+ {Black resigns} 1-0

[Event "Team 45 45 League T47"]
[Site "Internet Chess Club"]
[Date "2010.11.08"]
[Round "1"]
[White "tcianciola"]
[Black "WhoHuhWhat"]
[Result "0-1"]
[WhiteElo "1132"]
[BlackElo "1035"]
[Opening "Sicilian"]
[ECO "B50"]
[Time "19:02:02"]
[TimeControl "2700+45"]

1. e4 c5 2. Nf3 d6 3. Bc4 Bg4 4. Nc3 Nc6 5. d3 Nf6 6. Be3 g6 7. h3 Bxf3 8. Qxf3
Bg7 9. O-O-O O-O 10. g4 Rb8 11. g5 Nd7 12. Qg3 b5 13. Bb3 b4 14. Ne2 Na5 15. f4
Nxb3+ 16. cxb3 Qa5 17. Kb1 Rb6 18. d4 Ra6 19. a3 bxa3 20. Bd2 a2+ 21. Kc2 Qb5
22. Nc3 Qb7 23. Ra1 Rb8 24. Nxa2 Bxd4 25. b4 Qxe4+ 26. Qd3 Qd5 27. Qxa6 cxb4 28.
Nxb4 Qc5+ 29. Kd1 Rb6 30. Qa2 Qb5 31. Bc3 Bc5 32. Qxa7 Bxb4 33. Qa8+ Rb8 34. Qe4
Bxc3 35. bxc3 Qb3+ 36. Qc2 Qd5+ 37. Ke2 Qg2+ 38. Kd3 Nc5+ {White resigns} 0-1

[Event "Team 45 45 League T47"]
[Site "Internet Chess Club"]
[Date "2010.11.06"]
[Round "1"]
[White "KidRattler"]
[Black "oldbookseller"]
[Result "1-0"]
[WhiteElo "1184"]
[BlackElo "901"]
[Opening "Philidor's defense"]
[ECO "C41"]
[Time "14:53:46"]
[TimeControl "2700+45"]

1. e4 e5 2. Nf3 d6 3. Nc3 Be6 4. d4 Ne7 5. dxe5 Nd7 6. exd6 Nc6 7. dxc7 Qxc7 8.
g3 Be7 9. Bf4 Nde5 10. Nd4 Bd7 11. Nxc6 Bxc6 12. Qd4 Nf3+ 13. Kd1 Nxd4 14. Bxc7
O-O 15. Bf4 Rad8 16. Bd3 Bc5 17. Ne2 Nf3 18. Be3 b6 19. c3 Ba4+ 20. b3 Rxd3+ 21.
Kc2 Bb5 22. c4 Rfd8 23. cxb5 Ba3 24. Rad1 Rc8+ 25. Kxd3 Ne5+ 26. Kd4 Nf3+ 27.
Kd5 Rd8+ 28. Kc6 Ne5+ 29. Kc7 Re8 30. Rd8 Bd6+ 31. Rxd6 Re7+ 32. Kc8 h6 33. Rc1
f6 34. Rc7 Nf7 35. Rxe7 Nxd6+ 36. Kd7 {Black resigns} 1-0

[Event "Team 45 45 League T47"]
[Site "Internet Chess Club"]
[Date "2010.11.06"]
[Round "1"]
[White "malihini"]
[Black "SeniorCitizen"]
[Result "1-0"]
[WhiteElo "1251"]
[BlackElo "1242"]
[Opening "French: advance, Paulsen attack"]
[ECO "C02"]
[Time "08:00:16"]
[TimeControl "2700+45"]

1. e4 e6 2. d4 d5 3. e5 c5 4. c3 Nc6 5. Nf3 Qb6 6. Qc2 cxd4 7. Bd3 Bd7 8. Bxh7
dxc3 9. Bxg8 cxb2 10. Bxf7+ Kxf7 11. Ng5+ Kg8 12. Bxb2 Qb4+ 13. Bc3 Qf4 14. Qg6
Qf5 15. Qxf5 exf5 16. O-O Be7 17. Nf3 Be6 18. Nd4 Nxd4 19. Bxd4 b6 20. Nc3 Bc5
21. Rfd1 Rd8 22. f4 Rd7 23. a4 a5 24. Rac1 Kf7 25. Nb5 Ke7 26. Bxc5+ bxc5 27.
Rxc5 Rhd8 28. Nd6 Rb8 29. Rxa5 Rb4 30. g3 d4 31. Ra8 Bb3 32. Re8# {Black
checkmated} 1-0

[Event "Team 45 45 League T47"]
[Site "Internet Chess Club"]
[Date "2010.11.05"]
[Round "1"]
[White "Cicero"]
[Black "otib2006"]
[Result "1-0"]
[WhiteElo "1311"]
[BlackElo "1274"]
[Opening "Sicilian defense"]
[ECO "B20"]
[Time "12:00:29"]
[TimeControl "2700+45"]

1. e4 c5 2. Na3 d6 3. c3 e6 4. f4 Be7 5. Nf3 Nf6 6. Be2 Nxe4 7. Qa4+ Nc6 8. Qxe4
d5 9. Qa4 O-O 10. O-O Bd7 11. Qd1 c4 12. d4 cxd3 13. Qxd3 Bxa3 14. bxa3 a6 15.
Ne5 Nxe5 16. fxe5 Qa5 17. Rf3 Bb5 18. Qd2 Bc6 19. Rh3 Rad8 20. Qc2 g6 21. Bg5
Rc8 22. Bf6 Qc5+ 23. Kh1 d4 24. Qd3 dxc3 25. Rxh7 Bxg2+ 26. Kxg2 Qd5+ 27. Qxd5
Kxh7 28. Qe4 Rc4 29. Bxc4 Rh8 30. Qh4+ Kg8 31. Qxh8# {Black checkmated} 1-0

[Event "Team 45 45 League T47"]
[Site "Internet Chess Club"]
[Date "2010.11.08"]
[Round "1"]
[White "PsyMar"]
[Black "chips"]
[Result "1-0"]
[WhiteElo "1257"]
[BlackElo "1253"]
[Opening "Philidor's defense"]
[ECO "C41"]
[Time "14:30:17"]
[TimeControl "2700+45"]

1. e4 e5 2. Nf3 d6 3. d4 Nc6 4. c4 exd4 5. Nxd4 Nxd4 6. Qxd4 Qf6 7. Be3 Qxd4 8.
Bxd4 c5 9. Be3 Nf6 10. Bd3 g6 11. O-O Bg7 12. Nc3 O-O 13. e5 dxe5 14. Bxc5 Re8
15. Ne4 Nxe4 16. Bxe4 f5 17. Bd5+ Be6 18. Rac1 e4 19. Rc2 Bxd5 20. cxd5 Rec8 21.
Rfc1 Rd8 22. Rd1 b6 23. Be7 Rd7 24. d6 Bf8 25. Bxf8 Kxf8 26. Rc7 Ke8 27. f3 exf3
28. Re1+ Kd8 29. gxf3 a6 30. Rc6 b5 31. f4 a5 32. Re6 Rc8 33. Rf6 Rb8 34. Rf8#
{Black checkmated} 1-0

[Event "Team 45 45 League T47"]
[Site "Internet Chess Club"]
[Date "2010.11.07"]
[Round "1"]
[White "lawth3"]
[Black "NewfieKnight"]
[Result "1-0"]
[WhiteElo "1060"]
[BlackElo "1092"]
[Opening "QGD: 3.Nc3"]
[ECO "D31"]
[Time "18:30:33"]
[TimeControl "2700+45"]

1. d4 e6 2. c4 d5 3. Nc3 Bb4 4. Qc2 c5 5. dxc5 Bxc5 6. cxd5 exd5 7. Bf4 Nc6 8.
e3 Nf6 9. Bd3 d4 10. exd4 Nxd4 11. Qd2 O-O 12. Rc1 Re8+ 13. Nce2 a5 14. Rxc5 b6
15. Rc1 Qd5 16. f3 Qxa2 17. Bc4 Nb3 18. Bxb3 Qxb3 19. Nh3 Ba6 20. Rc3 Rxe2+ 21.
Qxe2 Bxe2 22. Rxb3 Re8 23. Kf2 b5 24. Re1 Bc4 25. Rxe8+ Nxe8 26. Re3 Nf6 27. b3
Be6 28. g4 h6 29. g5 Nd5 30. Re4 Bxh3 31. Re8+ Kh7 32. Bd2 b4 33. gxh6 gxh6 34.
Ra8 a4 35. Rxa4 Bf5 36. Bxb4 Bd7 37. Ra7 Nxb4 38. Rxd7 Kg6 39. Rb7 Nd3+ 40. Ke3
Nc5 41. Rb4 Na6 42. Rc4 f5 43. Rc6+ {Black resigns} 1-0

[Event "Team 45 45 League T47"]
[Site "Internet Chess Club"]
[Date "2010.11.05"]
[Round "1"]
[White "baseball613"]
[Black "seattleblues"]
[Result "0-1"]
[WhiteElo "1291"]
[BlackElo "1319"]
[Opening "Queen's bishop game"]
[ECO "D02"]
[Time "21:13:02"]
[TimeControl "2700+45"]

1. d4 d5 2. Nf3 Nf6 3. Bf4 e6 4. e3 Be7 5. h3 h6 6. Bd3 O-O 7. c3 Nbd7 8. Nbd2
b6 9. O-O Re8 10. Re1 Bb7 11. Qc2 Nf8 12. Ne5 c5 13. Qd1 c4 14. Bc2 b5 15. a3 a5
16. e4 b4 17. axb4 axb4 18. exd5 exd5 19. Ba4 N6d7 20. Ndf3 b3 21. Nxd7 Nxd7 22.
Ne5 Bc8 23. Qg4 Nxe5 24. Rxe5 Bxg4 25. Bxe8 Rxa1+ 26. Kh2 Qxe8 27. hxg4 f6 28.
Rxd5 Ra2 29. Bc1 Ra1 30. Bd2 Qf7 31. Rd7 Qe6 32. Rc7 Bd6+ 33. Kh3 Bxc7 {White
resigns} 0-1

[Event "Team 45 45 League T47"]
[Site "Internet Chess Club"]
[Date "2010.11.06"]
[Round "1"]
[White "iceface"]
[Black "BosqueVerde"]
[Result "0-1"]
[WhiteElo "1251"]
[BlackElo "1225"]
[Opening "Sicilian defense"]
[ECO "B30"]
[Time "11:00:10"]
[TimeControl "2700+45"]

1. e4 c5 2. Nf3 Nc6 3. Nc3 e5 4. Bc4 Be7 5. d3 Nf6 6. Bd2 O-O 7. O-O a6 8. a4 b6
9. Nd5 Rb8 10. Bb3 b5 11. axb5 axb5 12. Qb1 h6 13. Ra2 d6 14. Qa1 Bg4 15. Qd1
Nd4 16. h3 Bxf3 17. gxf3 Qd7 18. Kh2 Nh5 19. Rg1 Kh7 20. c3 Ne6 21. Qc1 Bg5 22.
Ne3 Nef4 23. Qf1 Bh4 24. Ng4 f5 25. exf5 Rxf5 26. Bc2 Qc6 27. d4 Qxf3 28. Bxf5+
Kh8 29. Bc2 Ne2 30. Bd1 Nhf4 31. Bxf4 Qxf4+ 32. Kh1 Qe4+ 33. Qg2 Qd3 34. Bxe2
Qxe2 35. Qf1 Qf3+ 36. Qg2 Qf4 37. Qh2 Qe4+ 38. Qg2 Qf4 39. Ne3 Rg8 40. Ra8 g5
41. Rxg8+ Kxg8 42. Ng4 Kg7 43. Qb7+ Kg6 44. Qg2 cxd4 45. cxd4 Qxd4 46. Rb1 Qc5
47. Qe4+ Kg7 48. Qf5 Qd5+ 49. Kg1 Bxf2+ 50. Qxf2 h5 51. Qf6+ Kg8 52. Nh6+ Kh7
53. Qxg5 Qd4+ 54. Kg2 Qe4+ 55. Kf2 Qxb1 56. Nf7 Qxb2+ 57. Ke3 Qb3+ 58. Ke4 Qxf7
59. Kd3 Qc4+ 60. Kd2 Qf4+ 61. Qxf4 exf4 62. Ke2 b4 {White resigns} 0-1

[Event "Team 45 45 League T47"]
[Site "Internet Chess Club"]
[Date "2010.11.07"]
[Round "1"]
[White "WannaB"]
[Black "iwin2"]
[Result "0-1"]
[WhiteElo "989"]
[BlackElo "1041"]
[Opening "Sicilian: closed"]
[ECO "B23"]
[Time "10:10:29"]
[TimeControl "2700+45"]

1. e4 c5 2. Nc3 g6 3. f4 Bg7 4. Nf3 Nc6 5. Bb5 Nd4 6. d3 Nxb5 7. Nxb5 d5 8. O-O
Nf6 9. e5 Nd7 10. Qe1 e6 11. Nd6+ Ke7 12. Nb5 Kf8 13. d4 Bh6 14. Nh4 Kg7 15. Qg3
cxd4 16. Nxd4 Qb6 17. c3 Rf8 18. Nf3 Kg8 19. Qh4 Bg7 20. Ng5 h6 21. Nf3 Nc5 22.
f5 exf5 23. Bxh6 Ne6 24. Bxg7 Nxg7 25. Ng5 Nh5 26. Nf3 Qxb2 27. Ng5 Qxc3 28. Qg4
fxg4 29. Nb5 Qc5+ 30. Kh1 Qxb5 31. Rab1 Qe2 32. e6 Bxe6 33. Nxe6 fxe6 34. Rxf8+
Rxf8 35. g3 Rf1+ {White resigns} 0-1

[Event "Team 45 45 League T47"]
[Site "Internet Chess Club"]
[Date "2010.11.07"]
[Round "1"]
[White "Ivio"]
[Black "Razorbackchess"]
[Result "0-1"]
[WhiteElo "1803"]
[BlackElo "1848"]
[Opening "King's Indian: Makagonov system (5.h3)"]
[ECO "E71"]
[Time "16:30:11"]
[TimeControl "2700+45"]

1. d4 Nf6 2. c4 g6 3. Nc3 Bg7 4. e4 d6 5. h3 O-O 6. Nf3 e5 7. d5 Na6 8. Bd3 Nc5
9. Bc2 a5 10. Bg5 h6 11. Be3 Ne8 12. Qd2 Kh7 13. Nh2 c6 14. Ng4 h5 15. Nh2 Rh8
16. f4 Qh4+ 17. Bf2 Qxf4 18. Qxf4 exf4 19. O-O Nd7 20. Bh4 Bh6 21. Ne2 Ne5 22.
b3 g5 23. Bf2 c5 24. Be1 Rg8 25. Nf3 f6 26. Nc3 Nc7 27. Na4 Ra6 28. Nb6 Na8 29.
Nxc8 Rxc8 30. Bd1 h4 31. Nxe5 fxe5 32. Bg4 Rf8 33. Bc3 Bg7 34. a3 Nc7 35. b4
axb4 36. axb4 b6 37. Rxa6 Nxa6 38. bxc5 bxc5 39. Ra1 Ra8 40. Bd7 Nc7 41. Rb1 Kg6
42. Rb6 Ra6 43. Rb7 Ra3 44. Bb2 Ra2 45. Bc3 Ra3 46. Be1 Na6 47. Rb6 Bf8 48. Bb5
Nc7 49. Bd7 Na6 50. Be8+ Kf6 51. Rb7 Be7 52. Ra7 Ra2 53. Bd7 Nb4 54. Rb7 Ra1 55.
Rxb4 cxb4 56. Kf2 b3 {White resigns} 0-1

[Event "Team 45 45 League T47"]
[Site "Internet Chess Club"]
[Date "2010.11.06"]
[Round "1"]
[White "Tamarin"]
[Black "Salvatore"]
[Result "1-0"]
[WhiteElo "1794"]
[BlackElo "1657"]
[Opening "Benkö gambit"]
[ECO "A57"]
[Time "20:30:19"]
[TimeControl "2700+45"]

1. d4 Nf6 2. c4 c5 3. d5 b5 4. Nf3 Bb7 5. Qc2 Qa5+ 6. Bd2 b4 7. e4 d6 8. Bd3 g6
9. O-O Bg7 10. Bf4 Nbd7 11. Nbd2 Qc7 12. Rfe1 Ng4 13. a3 a5 14. h3 Nge5 15. Nxe5
Nxe5 16. Bxe5 Bxe5 17. Nf3 Bg7 18. axb4 O-O 19. b5 e6 20. Re2 Ra7 21. Qb3 Qb6
22. e5 Rfa8 23. dxe6 Bxf3 24. exf7+ Kxf7 25. e6+ Ke7 26. gxf3 a4 27. Qc2 a3 28.
Rxa3 Rxa3 29. bxa3 Rxa3 30. Qd2 Ra1+ 31. Re1 Rxe1+ 32. Qxe1 Be5 33. Qe4 Qa7 34.
f4 Bd4 35. f5 Qa1+ 36. Kg2 Qb2 37. Qh4+ Ke8 38. fxg6 h6 39. Qf4 Bf6 40. g7
{Black resigns} 1-0